 Dungeon Crawl Stone Soup version 0.22-a0-223-g0f5d773 (webtiles) character file.

47 MatthieuS the Gusty (level 3, -1/20 HPs)
             Began as a Tengu Air Elementalist on Feb 18, 2018.
             Slain by a quokka (3 damage)
             ... on level 2 of the Dungeon.
             The game lasted 00:04:15 (1535 turns).

MatthieuS the Gusty (Tengu Air Elementalist)        Turns: 1535, Time: 00:04:16

Health: -1/20      AC:  3    Str:  8    XL:     3   Next: 70%
Magic:  2/7        EV: 18    Int: 16    God:
Gold:   83         SH:  0    Dex: 19    Spells: 1/7 levels left

rFire    . . .     SeeInvis .   (no weapon)
rCold    . . .     Gourm    .   (no shield)
rNeg     . . .     Faith    .   n - +0 leather armour
rPois    .         Spirit   .   (helmet restricted)
rElec    .         Reflect  .   (no cloak)
rCorr    .         Harm     .   (no gloves)
MR       .....                  (boots unavailable)
Stlth    +++.......             k - amulet of regeneration
HPRegen  0.46/turn              (no ring)
MPRegen  0.10/turn              (no ring)

@: agile
A: beak, talons 3
a: no special abilities


You were on level 2 of the Dungeon.
You were not hungry.

You visited 1 branch of the dungeon, and saw 2 of its levels.

You collected 83 gold pieces.

Inventory:

Missiles
 e - 35 stones (quivered)
 f - 43 arrows
 g - 35 bolts
 l - 22 sling bullets
Armour
 a - a +0 robe
 j - a +0 ring mail
 n - a +0 leather armour (worn)
Jewellery
 k - an amulet of regeneration (around neck)
 o - a cursed amulet of inaccuracy {unknown}
Scrolls
 h - a scroll of teleportation {unknown}
Potions
 d - a potion of flight
 i - a potion of haste
Comestibles
 b - 3 rations
 c - 6 chunks of flesh


   Skills:
 + Level 1.0 Fighting
 + Level 2.6 Dodging
 - Level 2.0 Stealth
 * Level 2.6 Spellcasting
 + Level 2.3 Conjurations
 + Level 4.3 Air Magic


You had one spell level left.
You knew the following spells:

 Your Spells              Type           Power        Failure   Level  Hunger
a - Shock                 Conj/Air       ##..         7%          1    #......
b - Swiftness             Chrm/Air       #.......     19%         2    ##.....
c - Static Discharge      Conj/Air       ##......     22%         3    ###....


Dungeon Overview and Level Annotations

Branches:
Dungeon (2/15)

Altars:


Innate Abilities, Weirdness & Mutations

You have a beak for a mouth.
You have claws for feet.


Message History

You kill the ball python!
The hobgoblin completely misses you.
You hit the quokka but do no damage. The quokka closely misses you.
The hobgoblin closely misses you. The quokka bites you. The quokka bites you.
You closely miss the hobgoblin. The hobgoblin hits you.
The quokka closely misses you.
It was a potion of cancellation.
You feel magically purged. The hobgoblin hits you.
* * * LOW HITPOINT WARNING * * *
The quokka barely misses you.
Okay, then.
The quokka bites you.
* * * LOW HITPOINT WARNING * * *
It was a potion of agility.
You feel agile all of a sudden. The hobgoblin hits you.
* * * LOW HITPOINT WARNING * * *
The quokka bites you.
You die...

#.. #.........# #.# ..##
## #.......#####.#
...r....#(####.## #...#
#### #..#.###### #.###
...# #.........# #.# ##.#
#...%$..†.# #.# .#.#
###.......# #.# ...#
#......gr.# #.#
.#.#####.#.#....@..####.##
##.........#.......#.....#
....#.##.#.#.......#.##.)#
##..#.##.#.#########.##..#
#..#..(.#.## #.#...#
#..#.......# #.#.#.#
#..#.##.#..### #.....#
##............# ###.###
...##....##.#.########)#


You could see a quokka and a hobgoblin.

Vanquished Creatures
  A dart slug (D:1)
  2 leopard geckos (D:2)
  A ball python (D:2)
  4 giant cockroaches (D:1)
  6 goblins
  8 hobgoblins
  A quokka (D:2)
  7 bats
  2 frilled lizards (D:1)
  3 kobolds
  2 rats
37 creatures vanquished.

Notes
Turn   | Place    | Note
-------+----------+-------------------------------------------
     0 | D:1      | MatthieuS the Tengu Air Elementalist began the quest for the Orb.
     0 | D:1      | Reached XP level 1. HP: 10/10 MP: 4/4
   284 | D:1      | Reached XP level 2. HP: 16/16 MP: 1/6
   334 | D:1      | Learned a level 2 spell: Swiftness
   929 | D:1      | Reached XP level 3. HP: 20/20 MP: 3/7
  1180 | D:1      | Learned a level 3 spell: Static Discharge
  1317 | D:2      | Reached skill level 1 in Fighting
  1535 | D:2      | Slain by a quokka

Vault maps used:
D:1:      dpeg_arrival_connections, minivault_5
D:2:      first_ration, minmay_pentomino_o4

Skill      XL: |  1  2  3 |
---------------+----------+-----
Conjurations   | 2 |  2.3
Fighting       | 1 |  1.0
Dodging        | |  2.6
Stealth        | |  2.0
Spellcasting   | |  2.6
Air Magic      | |  4.3

Action                   || total
-------------------------++-------
Melee: Unarmed           ||    38
       Kick              ||     8
       Peck              ||     6
 Cast: Shock             ||    83
  Use: Scroll            ||     3
       Potion            ||     2
  Eat: Chunk             ||     3
Armor: Robe              ||     4
       Leather armour    ||    12
Dodge: Dodged            ||    72

Table legend:
 A = Spawn XP
 B = Non-spawn XP
 C = Spawn XP percentage of total XP
 D = Spawn monster count
 E = Non-spawn monster count
 F = Spawn count percentage of total count
 G = Total turns spent on level
                    A         B        C        D         E        F      G
               +---------+---------+-------+---------+---------+-------+---------
         Total |       0 |      68 |   0.0 |       0 |      37 |   0.0 |  1535
               +---------+---------+-------+---------+---------+-------+---------
           D:1 |       0 |      38 |   0.0 |       0 |      21 |   0.0 |  1162
           D:2 |       0 |      30 |   0.0 |       0 |      16 |   0.0 |   373
               +---------+---------+-------+---------+---------+-------+---------
